 Dungeon Crawl Stone Soup version 0.28.0-43-g3370ac3207 (webtiles) character file.

Game seed: 15920153318200440700

27 pkoi the Ducker (level 2, -2/16 HPs)
             Began as a Spriggan Monk on Mar 8, 2022.
             Slain by a kobold
             ... wielding a +2 short sword of speed
              (5 damage)
             ... on level 1 of the Dungeon.
             The game lasted 00:02:57 (1388 turns).

pkoi the Ducker (Spriggan Monk)                     Turns: 1388, Time: 00:02:58

Health: -2/16      AC:  3    Str:  7    XL:     2   Next: 93%
Magic:  3/3        EV: 18    Int: 11    God:
Gold:   53         SH:  0    Dex: 17    Spells: 1/1 levels left

rFire   . . .      SeeInvis +   d - +0 short sword
rCold   . . .      Faith    .   e - orb {mayhem}
rNeg    . . .      Spirit   .   a - +0 robe
rPois   .          Reflect  .   (helmet restricted)
rElec   .          Harm     .   g - +0 cloak
rCorr   .          Rampage  .   (gloves unavailable)
Will    .....                   (boots unavailable)
Stlth   +++.......              (no amulet)
HPRegen 0.05/turn               (no ring)
MPRegen 0.08/turn               (no ring)

@: very quick
A: very small, no large weapons, unfitting armour, see invisible, speed 3
a: no special abilities


You were on level 1 of the Dungeon.
You visited 1 branch of the dungeon, and saw 2 of its levels.

You collected 53 gold pieces.

Inventory:

Hand Weapons
 d - a +0 short sword (weapon)
Armour
 a - a +0 robe (worn)
 e - an orb of mayhem (worn)
 g - a +0 cloak (worn)
Scrolls
 b - 2 scrolls of teleportation
Potions
 c - a potion of invisibility {unknown}
 f - a potion of resistance


   Skills:
 - Level 2.4 Fighting
 - Level 4.0 Dodging
 + Level 3.4 Stealth
 * Level 3.3 Unarmed Combat


You had one spell level left.
You didn't know any spells.
Your spell library was empty.

Dungeon Overview and Level Annotations

Branches:
Dungeon (2/15)

Altars:


Innate Abilities, Weirdness & Mutations

You are very small and have problems with some larger weapons.
You are too small for most types of armour.
You have supernaturally acute eyesight. (SInv)
You cover ground extremely quickly. (Speed+++)


Message History

You barely miss the kobold.
The kobold is severely wounded.
The kobold hits you with a +2 short sword of speed.
The kobold closely misses you.
You miss the kobold.
The kobold is severely wounded.
The kobold hits you with a +2 short sword of speed.
You closely miss the kobold.
The kobold is heavily wounded.
The kobold completely misses you. The kobold closely misses you.
You closely miss the kobold.
The kobold is heavily wounded.
The kobold misses you.
You hit the kobold.
The kobold is severely wounded.
The kobold hits you but does no damage. The kobold misses you.
There is a stone staircase leading up here.
The kobold hits you with a +2 short sword of speed.
* * * LOW HITPOINT WARNING * * *
The kobold hits you with a +2 short sword of speed.
* * * LOW HITPOINT WARNING * * *
You climb upwards.
There is a stone staircase leading down here.
You barely miss the kobold.
The kobold is severely wounded.
The kobold barely misses you. The kobold closely misses you.
You closely miss the kobold.
The kobold is severely wounded.
The kobold hits you but does no damage.
You closely miss the kobold.
The kobold is severely wounded.
The kobold completely misses you.
The kobold hits you with a +2 short sword of speed.
* * * LOW HITPOINT WARNING * * *
You hit the kobold but do no damage.
The kobold is severely wounded.
The kobold hits you with a +2 short sword of speed.
* * * LOW HITPOINT WARNING * * *
The kobold hits you with a +2 short sword of speed.
You die...

......# #......##.# #.....##.
...##.#######....##.# #.....##.
...##.#...†......##.# #.....##.
#####.#.#####..#.##.# #.....##.
## #[#.# #....##.# ####'###'
.####.#.# #.#..##.# #......
.)....#.# #.#..##.# #......
.######+#####.......#######......
.# #.......###K@...............)
.# #.......##############......^
.# #.......'..>...#.....#.......
.####.......######.#.###.#.#.###'
............# #.#.# #.#.#.# #.
........†#### #.#.###.#.#.# #.
.........# #.#.......#.# #.
.........# #.......###.####
.........# ######### #.....


You could see a kobold.

Vanquished Creatures
  4 ball pythons
  3 endoplasms (D:1)
  A giant cockroach (D:1)
  2 goblins (D:1)
  2 hobgoblins (D:1)
  3 jackals (D:1)
  2 kobolds (D:1)
  A quokka (D:1)
  2 bats (D:1)
  A frilled lizard (D:1)
  A rat (D:1)
22 creatures vanquished.

Notes
Turn   | Place    | Note
-------+----------+-------------------------------------------
     0 | D:1      | pkoi the Spriggan Monk began the quest for the Orb.
     0 | D:1      | Reached XP level 1. HP: 11/11 MP: 2/2
   261 | D:1      | Reached XP level 2. HP: 11/16 MP: 3/3
   563 | D:1      | Found a faded altar of an unknown god.
  1388 | D:1      | Slain by a kobold

Illustrated notes

Levels and vault maps discovered:
D:1:      sevenhm_arrival_forest_fort_large_2, layout_basic,
          shapermc_ecumenical_altar_starsandcircs
D:2:      layout_loops_cross, serial_shops, nicolae_shop_trees,
          nicolae_figureground_pulse

Skill      XL: |  1 |
---------------+----+-----
Unarmed Combat | 3 |  3.3
Fighting       | |  2.4
Dodging        | |  4.0
Stealth        | |  3.4

Action                   || total
-------------------------++-------
Melee: Short sword       ||   110
       Unarmed           ||     4
       Punch             ||     2
  Use: Scroll            ||     3
 Stab: Sleeping          ||     4
Armor: Robe              ||    17
Dodge: Dodged            ||   113
